 Dungeon Crawl Stone Soup version 0.29-a0-284-gf9362112df (webtiles) character file.

Game seed: 3767601741603216135

9 siradein the Vexing (level 2, -1/23 HPs)
             Began as a Draconian Arcane Marksman on Mar 18, 2022.
             Succumbed to an adder's poison
             ... on level 1 of the Dungeon.
             The game lasted 00:01:43 (910 turns).

siradein the Vexing (Draconian Arcane Marksman)      Turns: 910, Time: 00:01:44

Health: -1/23      AC:  5    Str: 12    XL:     2   Next: 6%
Magic:  3/3        EV: 12    Int: 13    God:
Gold:   5          SH:  0    Dex: 11    Spells: 2/3 levels left

rFire   . . .      SeeInvis .   a - +0 hand crossbow
rCold   . . .      Faith    .   (no shield)
rNeg    . . .      Spirit   .   (body armour unavailable)
rPois   .          Reflect  .   (helmet restricted)
rElec   .          Harm     .   (no cloak)
rCorr   .          Rampage  .   (no gloves)
Will    .....                   g - +0 pair of boots
Stlth   +.........              (no amulet)
HPRegen 0.07/turn               (no ring)
MPRegen 0.08/turn               (no ring)

@: lethally poisoned (-1 -> -6)
A: AC +4, unfitting armour, cold-blooded
a: no special abilities


You were on level 1 of the Dungeon.
You visited 1 branch of the dungeon, and saw 2 of its levels.

You collected 5 gold pieces.

Inventory:

Hand Weapons
 a - a +0 hand crossbow (weapon)
Armour
 g - a +0 pair of boots (worn)
Scrolls
 b - a scroll of vulnerability
 c - a scroll of identify {unknown}
 h - a scroll of torment {unknown}
Potions
 d - 2 potions of flight {unknown}
 e - a potion of ambrosia {unknown}
 f - a potion of haste {unknown}


   Skills:
 + Level 1.4 Fighting
 * Level 2.2 Crossbows
 + Level 2.0 Dodging
 - Level 1.0 Spellcasting
 - Level 2.6 Hexes


You had 2 spell levels left.
You knew the following spells:

 Your Spells              Type           Power      Damage    Failure   Level
a - Slow                  Hex            28%        N/A       10%         1

Your spell library contained the following spells:

 Spells                   Type           Power      Damage    Failure   Level
 Inner Flame              Hex/Fire       4%         N/A       43%         3
 Portal Projectile        Hex/Tloc       8%         N/A       43%         3
 Cause Fear               Hex            3%         N/A       67%         4


Dungeon Overview and Level Annotations

Branches:
Dungeon (2/15)

Altars:


Innate Abilities, Weirdness & Mutations

Your plain brown scales are hard. (AC +4)
You cannot fit into any form of body armour.
You are cold-blooded and may be slowed by cold attacks.


Message History

The adder bites you.
You are poisoned.
The adder poisons you! The adder bites you.
You shoot a bolt. The bolt misses the adder.
The bolt hits the jackal but does no damage.
You feel very sick.
The adder bites you but does no damage. x2
You shoot a bolt. The bolt misses the adder.
The bolt hits the jackal but does no damage.
You feel sick. The adder closely misses you.
The adder bites you but does no damage.
You shoot a bolt. The bolt closely misses the adder.
The bolt barely misses the jackal.
The bolt hits the jackal.
The jackal is almost dead.
You feel sick. The adder bites you.
You are more poisoned.
The adder poisons you!
You are too injured to fight recklessly!
You are too injured to fight recklessly!
You are too injured to fight recklessly!
You are too injured to fight recklessly!
Unknown command.
You feel sick. The adder bites you.
* * * LOW HITPOINT WARNING * * *
You are more poisoned.
The adder poisons you!
There is a stone staircase leading up here.
* * * LOW HITPOINT WARNING * * *
You feel very sick. The adder barely misses you.
You climb upwards.
* * * LOW HITPOINT WARNING * * *
You feel sick.
There is a stone staircase leading down here.
Shoot: a) +0 hand crossbow
Press: ? - help, Q - select action, (/) - cycle Shift-Dir - straight line, f - adder
Aim: an adder (severely wounded, 38% to hit)
You shoot a bolt. The bolt hits the adder.
You kill the adder!
You die...

#........####........
#######.## ##.......
#.# ##.....#
########.## ##...##
#.........# ##+##
#.###.....# #.# #.#
#.###.# ######.##
#.###.###.# #.......#
#....@....# #.###...##
#####.#...###.##.....#
#......##.###..)##
#.................
##.....##.#####.##
##...###.......# #####
#########


There were no monsters in sight!

Vanquished Creatures
  An adder (D:1)
  2 jackals (D:1)
  A quokka (D:1)
  2 ball pythons (D:1)
  A bat (D:1)
  A kobold (D:1)
  3 rats (D:1)
11 creatures vanquished.

Notes
Turn   | Place    | Note
-------+----------+-------------------------------------------
     0 | D:1      | siradein the Draconian Arcane Marksman began the quest for
                  | the Orb.
     0 | D:1      | Reached XP level 1. HP: 16/16 MP: 2/2
   119 | D:1      | Noticed a shining eye
   122 | D:1      | Found a faded altar of an unknown god.
   124 | D:1      | Noticed a floating eye
   124 | D:1      | Noticed a great orb of eyes
   124 | D:1      | Noticed a great orb of eyes
   695 | D:1      | Reached XP level 2. HP: 23/23 MP: 3/3
   909 | D:1      | HP: 1/23 [poisoned by an adder]
   910 | D:1      | Succumbed to an adder's poison

Illustrated notes

Levels and vault maps discovered:
D:1:      dpeg_arrival_water_temple_mockup, layout_loops_corners,
          hellmonk_ecumenical_altar_watching_god
D:2:      layout_loops_corners, basic_altar, minmay_tetromino_t2

Skill      XL: |  1 |
---------------+----+-----
Crossbows      | 2 |  2.2
Dodging        | 2 |  2.0
Fighting       | |  1.4
Spellcasting   | |  1.0
Hexes          | |  2.6

Action                   || total
-------------------------++-------
 Fire: Hand crossbow     ||    39
Armor: Skin              ||    14
Dodge: Dodged            ||    23

Table legend: (Time is in decaauts)
 A = Elapsed time spent in this place.
 B = Non-inter-level travel time spent in this place.
 C = Inter-level travel time spent in this place.
 D = Time resting spent in this place.
 E = Time spent auto-exploring this place.
 F = Levels seen in this place.
 G = Mean time per level.
                   A        B        C        D        E       F      G
               +--------+--------+--------+--------+--------+-----+--------+
         Total |    925 |    917 |      8 |      0 |    822 |   2 |  462.5 |
       Dungeon |    925 |    917 |      8 |      0 |    822 |   2 |  462.5 |
               +--------+--------+--------+--------+--------+-----+--------+

Top non-repeatable levels by time:
     D:1: 900 daAuts
     D:2: 24 daAuts
